cohdb
Replays
Latest Replays
All Replays
Popular Replays
Top Player Replays
Match Explorer
How It Works
Community
CoH3 Stats
Reddit
Sign in to upload your games and track your stats! →
Sign in with Steam
Match 39278202
Unlisted
Match 39278202
Overview
Messages
Build Orders
End
Vickers Machine Gun Team
Construct Section Command Post
Selects Indian Artillery Battlegroup
Infantry Section
Infantry Section
Infantry Section
Construct Platoon Command Post
Humber Armored Car
Selects Valour
Grenade Package
Infantry Section
Royal Engineer Section
Construct Field Infirmary
Unlock Bishop Self-propelled Artillery
Bishop Self-propelled Artillery
Infantry Training
Construct Company Command Post
Selects Gurkha Rifles Section
Matilda II Heavy Tank
Selects Volunteer Infantry
Unlock Towed 17-pounder Anti-tank Guns
Matilda II Heavy Tank
Selects Artillery Saturation
Selects Off-map Airburst Barrage
Off-map Airburst Barrage
Armored Vehicle Training
Matilda II Heavy Tank
Foot Guards Section
Off-map Airburst Barrage
alicebruton
Crokushqa
Ferrence
Mael Radec
Lolloiseba
MaDHorse
QuickshotCoyote
三亚头牌男模
0
0
Comments
sign in to comment!
No comments posted yet!